 Dungeon Crawl Stone Soup version 0.24-a0-170-gd8427f5 (console) character file.

Game seed: 7537080342597281132

700 Duffy the Insei (level 7, -1/52 HPs)
             Began as a Yellow Draconian Transmuter on Mar 11, 2019.
             Slain by a big kobold zombie (4 damage)
             ... in a sewer.
             The game lasted 00:06:35 (5033 turns).

Duffy the Insei (Yellow Draconian Transmuter)       Turns: 5033, Time: 00:06:36

Health: -1/52      AC:  6    Str: 12    XL:     7   Next: 38%
Magic:  9/10       EV: 12    Int: 15    God:
Gold:   211        SH:  4    Dex:  9    Spells: 4/10 levels left

rFire    . . .     SeeInvis .     - Unarmed
rCold    . . .     Gourm    .   (no shield)
rNeg     . . .     Faith    .   (armour unavailable)
rPois    .         Spirit   .   (helmet restricted)
rElec    .         Reflect  +   (no cloak)
rCorr    +         Harm     .   (no gloves)
MR       .....                  (no boots)
Stlth    ..........             e - +4 amulet of reflection
HPRegen  0.17/turn              m - -3 ring of dexterity (curse)
MPRegen  0.12/turn              r - ring of attention (curse)

@: lightly drained
A: spit acid, unfitting armour, cold-blooded, acid resistance, AC +6
a: Breathe Acid


You were in a sewer.
You were near starving.

You visited 1 branch of the dungeon, and saw 4 of its levels.
You also visited: Sewer.

You collected 211 gold pieces.

Inventory:

Hand Weapons
 p - a +0 blowgun
Missiles
 a - 34 arrows
Jewellery
 e - a +4 amulet of reflection (around neck)
 m - a cursed -3 ring of dexterity (left hand)
 r - a cursed ring of attention (right hand)
Scrolls
 b - 4 scrolls of enchant armour {unknown}
 d - a scroll of fear {unknown}
 f - a scroll of fog {unknown}
 h - 4 scrolls of remove curse {unknown}
 i - a scroll of enchant weapon {unknown}
 k - a scroll of immolation {unknown}
 o - 2 scrolls of random uselessness {unknown}
 q - a scroll of identify {unknown}
 s - a scroll of teleportation {unknown}
Potions
 g - a potion of haste
 j - 2 potions of curing {unknown}
 l - a potion of brilliance {unknown}
 n - 2 potions of heal wounds {unknown}
 t - a potion of flight {unknown}
Comestibles
 c - 5 rations


   Skills:
 - Level 1.1(0.8) Fighting
 - Level 1.7(1.5) Dodging
 + Level 5.9(5.6) Unarmed Combat
 - Level 2.0(1.7) Spellcasting
 + Level 5.4(5.2) Transmutations
 - Level 3.5(3.2) Poison Magic


You had 4 spell levels left.
You knew the following spells:

 Your Spells              Type           Power        Failure   Level  Hunger
h - Beastly Appendage     Tmut           ###...       2%          1    ##.....
j - Sticks to Snakes      Tmut           ###.....     4%          2    ###....
k - Spider Form           Tmut/Pois      ##........   12%         3    ####...

Your spell library contained the following spells:

 Spells                   Type           Power        Failure   Level  Hunger
 Ice Form                 Ice/Tmut       #.......     61%         4    #####..
 Blade Hands              Tmut           ###.......   58%         5    ######.


Dungeon Overview and Level Annotations

Branches:
Dungeon (4/15)
 Temple: D:4-7

Altars:
Ashenzari
Nemelex Xobeh
Sif Muna
Xom
Yredelemnul

Annotations:
D:3 Ijyb


Innate Abilities, Weirdness & Mutations

You can spit globs of acid.
Your golden yellow scales are hard. (AC +6)
You cannot fit into any form of body armour.
You are cold-blooded and may be slowed by cold attacks.
You are resistant to acid. (rCorr)


Message History

You bite the big kobold zombie!
The big kobold zombie is moderately damaged.
The big kobold zombie misses you.
You barely miss the big kobold zombie.
The big kobold zombie is moderately damaged.
The big kobold zombie hits you.
You hit the big kobold zombie.
The big kobold zombie is moderately damaged.
The big kobold zombie misses you.
You bite the big kobold zombie!
The big kobold zombie is heavily damaged.
You hit the big kobold zombie.
The big kobold zombie is severely damaged.
Your transformation has ended.
The big kobold zombie barely misses you.
You barely miss the big kobold zombie.
Your tail-slap misses the big kobold zombie.
The big kobold zombie is severely damaged.
The big kobold zombie hits you.
You die...

~~~~~~~~..'.~~#
~~~~~~~~~~~~.#..~# ..~#
~~~~~~~~~~~~.#.~~# ..~#
~~~~~~~~~~~~.#.~~# ...~#
~~~~~~~~~~~..#.~~###'''##
~~~~~~~~~~...#..~##.....#########
#~#~~###~#.####.###..}...#~~~~~~#
...........~~#...#.....}.'......!
.).....(..~~~~...@Z}._...'......0
...........~~#../#%....}.'...Z..!
~##~##~###.####.###..}...#~~~~~~#
~~~~~~~~~~...#.~~##.....#########
~~~~~~~~~~~..#.~~###'''##
~~~~~~~~~~~~.#.~~##~...~#
~~~~~~~~~~~~.#.~~##~...~#
~~~~~~~~~~~))#.~~##~...~#
~~~~~~~~~~~~.'.~~##~5..~#


You could see a big kobold zombie.

Vanquished Creatures
  Grinder (Sewer)
  A phantom (Sewer)
  A big kobold (Sewer)
  A wight (Sewer)
  A bullfrog skeleton (D:4)
  Jessica (D:3)
  Terence (D:2)
  A worker ant (D:2)
  3 big kobold zombies (Sewer)
  5 adders
  5 shadow imps (Sewer)
  An ufetubus (Sewer)
  2 oozes
  3 adder skeletons
  A worm (D:2)
  A dart slug (D:3)
  5 orcs
  3 giant cockroaches
  6 goblins
  7 hobgoblins
  18 kobolds
  A quokka (D:4)
  4 ball pythons
  6 bats
  4 frilled lizards
  A giant cockroach zombie (Sewer)
  A kobold zombie (Sewer)
  9 rats
94 creatures vanquished.

Vanquished Creatures (others)
  A kobold (Sewer)
1 creature vanquished.

Grand Total: 95 creatures vanquished

Notes
Turn   | Place    | Note
-------+----------+-------------------------------------------
     0 | D:1      | Duffy the Draconian Transmuter began the quest for the Orb.
     0 | D:1      | Reached XP level 1. HP: 16/16 MP: 3/3
   307 | D:1      | Reached XP level 2. HP: 21/23 MP: 3/5
  1197 | D:2      | Reached XP level 3. HP: 14/28 MP: 3/6
  1201 | D:2      | Learned a level 2 spell: Sticks to Snakes
  1205 | D:2      | Learned a level 3 spell: Spider Form
  1572 | D:2      | Found a shattered altar of Ashenzari.
  1590 | D:2      | Noticed Terence
  1617 | D:2      | Killed Terence
  1617 | D:2      | Reached skill level 1 in Poison Magic
  1871 | D:2      | Reached XP level 4. HP: 35/35 MP: 5/7
  2450 | D:3      | Found a deep blue altar of Sif Muna.
  2450 | D:3      | Found a shimmering altar of Xom.
  2451 | D:3      | Found a basalt altar of Yredelemnul.
  2594 | D:3      | Found a sparkling altar of Nemelex Xobeh.
  2742 | D:3      | Noticed Jessica
  2753 | D:3      | Killed Jessica
  2753 | D:3      | Reached XP level 5. HP: 23/40 MP: 6/8
  3041 | D:3      | Noticed Ijyb
  3482 | D:4      | Found a glowing drain.
  3525 | Sewer    | Entered a sewer
  3935 | Sewer    | Reached XP level 6. HP: 6/47 MP: 6/9
  4285 | Sewer    | Reached skill level 5 in Unarmed Combat
  4545 | Sewer    | Found an ancient bone altar of Kikubaaqudgha.
  4887 | Sewer    | Noticed Grinder
  4896 | Sewer    | Paralysed by Grinder for 7 turns
  5007 | Sewer    | Killed Grinder
  5007 | Sewer    | Reached skill level 5 in Transmutations
  5007 | Sewer    | Your scales start taking on a golden yellow colour.
  5007 | Sewer    | Reached XP level 7. HP: 16/52 MP: 6/10
  5007 | Sewer    | Gained mutation: You are resistant to acid. (rCorr) [Yellow
                  | Draconian growth]
  5029 | Sewer    | HP: 2/52 [big kobold zombie (3)]
  5033 | Sewer    | Slain by a big kobold zombie

Levels and vault maps discovered:
D:1:      lemuel_arrival_rhombus, layout_loops_ring
D:2:      layout_basic, nicolae_ashenzari_panopticon, uniq_terence
D:3:      layout_loops_cross, gammafunk_temple_overflow_claw,
          nemelex_xobeh_ov_fountains_minmay, uniq_ijyb, uniq_jessica
D:4:      layout_gridville, gup_sewer_entry_glass, serial_glass,
          glass_columns_a, glass_columns_c, glass_columns_c, glass_columns_a,
          glass_columns_c, glass_columns_b, glass_columns_a, glass_columns_c,
          glass_columns_a, glass_columns_a
Sewer:    kennysheep_sewer_church

Skill      XL: |  1  2  3  4  5  6 |
---------------+-------------------+-----
Transmutations | 3 4 5 |  5.4
Poison Magic   | 1 2 3 |  3.5
Unarmed Combat | 4 5 |  5.9
Fighting       | |  1.1
Dodging        | |  1.7
Spellcasting   | |  2.0

Action                   |  1- 3 |  4- 6 |  7- 9 || total
-------------------------+-------+-------+-------++-------
Melee: Unarmed           |   101 |   285 |    16 ||   402
       Headbutt          |     5 |    13 |       ||    18
       Tailslap          |     7 |    17 |       ||    24
       Kick              |     7 |    12 |       ||    19
       Punch             |     1 |     1 |       ||     2
 Cast: Beastly Appendage |    21 |    29 |       ||    50
       Spider Form       |       |     5 |       ||     5
       Sticks to Snakes  |       |     3 |       ||     3
 Stab: Sleeping          |     1 |     1 |       ||     2
  Eat: Chunk             |     4 |     6 |       ||    10
       Ration            |       |     1 |       ||     1
Armor: Skin              |    26 |    47 |       ||    73
Dodge: Dodged            |    46 |   172 |     9 ||   227
Block: Other             |     8 |    40 |       ||    48
       Reflection        |       |     1 |       ||     1

Table legend:
 A = Non-vault XP
 B = Vault XP
 C = Vault XP percentage of total XP
 D = Non-vault monster count
 E = Vault monster count
 F = Vault count percentage of total count
                 A         B        C        D         E       F
            +---------+---------+-------+---------+---------+-------
      Total |     232 |     768 |  76.8 |      57 |      37 |  39.4
            +---------+---------+-------+---------+---------+-------
        D:1 |      25 |       0 |   0.0 |      19 |       0 |   0.0
        D:2 |     109 |      36 |  24.8 |      15 |       1 |   6.2
        D:3 |      45 |      37 |  45.1 |      18 |       1 |   5.3
        D:4 |      53 |      18 |  25.4 |       5 |       3 |  37.5
      Sewer |       0 |     677 | 100.0 |       0 |      32 | 100.0
            +---------+---------+-------+---------+---------+-------
